 Dungeon Crawl Stone Soup version 0.24-a0-439-g6dd8730de2 (webtiles) character file.

Game seed: 678991959475721859

26016 KristoblXynda the Cleaver (level 12, -2/103 HPs)
             Began as a Minotaur Berserker on June 18, 2019.
             Was an Elder of Trog.
             Slain by a manticore (7 damage)
             ... on level 12 of the Dungeon.
             The game lasted 00:24:30 (14861 turns).

KristoblXynda the Cleaver (Minotaur Berserker)     Turns: 14861, Time: 00:24:31

Health: -2/103     AC: 20    Str: 24    XL:     12   Next: 94%
Magic:  13/13      EV: 14    Int:  5    God:    Trog [****..]
Gold:   820        SH:  6    Dex: 12    Spells: 11/11 levels left

rFire    . . .     SeeInvis +   L - +1 broad axe
rCold    + . .     Gourm    .   J - +0 buckler
rNeg     . . .     Faith    .   t - +0 chain mail
rPois    .         Spirit   .   v - +1 hat
rElec    .         Reflect  .   b - +0 cloak {rC+}
rCorr    .         Harm     .   S - +1 pair of gloves {archery}
MR       .....                  R - +1 pair of boots
Stlth    ..........             (no amulet)
HPRegen  0.27/turn              i - ring of see invisible
MPRegen  0.13/turn              F - ring of stealth

@: no status effects
A: retaliatory headbutt, horns 2
a: Berserk, Trog's Hand, Brothers in Arms, Renounce Religion


You were on level 12 of the Dungeon.
You worshipped Trog.
Trog was greatly pleased with you.
You were not hungry.

You visited 3 branches of the dungeon, and saw 14 of its levels.
You also visited: Ice Cave.

You collected 1018 gold pieces.
You spent 198 gold pieces at shops.

Inventory:

Hand Weapons
 a - a +2 whip of freezing
 s - a +3 scimitar of flaming
 L - a +1 broad axe (weapon)
Missiles
 g - 9 javelins (quivered)
 q - 3 silver javelins
Armour
 b - a +0 cloak of cold resistance (worn)
 t - a +0 chain mail (worn)
 v - a +1 hat (worn)
 J - a +0 buckler (worn)
 R - a +1 pair of boots (worn)
 S - a +1 pair of gloves of archery (worn)
Jewellery
 i - a ring of see invisible (left hand)
 F - a ring of stealth (right hand)
 I - an uncursed ring of wizardry
Wands
 j - a wand of digging (2)
 n - a wand of iceblast (8)
Scrolls
 d - 2 scrolls of blinking
 h - 5 scrolls of enchant armour
 p - 3 scrolls of teleportation
 w - a scroll of enchant weapon
 y - a scroll of magic mapping
 A - 7 scrolls of remove curse
Potions
 e - 3 potions of haste
 f - a potion of heal wounds {unknown}
 k - 3 potions of lignification
 l - a potion of resistance {unknown}
 m - 2 potions of brilliance {unknown}
 o - 3 potions of curing
 r - 2 potions of invisibility
 u - a potion of cancellation
 z - 2 potions of ambrosia {unknown}
 C - 5 potions of might
 H - a potion of berserk rage
 M - a potion of experience {unknown}
Comestibles
 c - 23 rations


   Skills:
 + Level 8.3 Fighting
 + Level 13.5 Axes
 + Level 6.6 Throwing
 + Level 12.1 Armour
 + Level 11.3 Dodging
 + Level 9.3 Shields
 - Level 3.0 Evocations


You had 11 spell levels left.
You didn't know any spells.
Your spell library was empty.

Dungeon Overview and Level Annotations

Branches:
Dungeon (12/15)            Temple (1/1) D:7            Lair (1/6) D:9
    Orc (0/2) D:10

Altars:
Ashenzari
Cheibriados
Dithmenos
Elyvilon
Fedhas
Gozag
Hepliaklqana
Kikubaaqudgha
Makhleb
Nemelex Xobeh
Okawaru
Qazlal
Ru
Sif Muna
Trog
Uskayaw
Vehumet
Wu Jian
Xom
Yredelemnul
Zin
The Shining One
Beogh

Shops:
D:4 }   D:7 [   D:10 [

Annotations:
D:5 Prince Ribbit
D:12 4 runed translucent doors, Gorice's ghost, journeyman GnWn


Innate Abilities, Weirdness & Mutations

You reflexively headbutt those who attack you in melee.
You have a pair of horns on your head.


Message History

Aim: a manticore (moderately wounded)
You throw a javelin.
The javelin pierces through the manticore.
The manticore is heavily wounded.
Throwing (i - inventory. (/) - cycle)
g - 10 javelins (quivered)
Press: ? - help, Shift-Dir - straight line, f/p - manticore
Aim: a manticore (heavily wounded)
You throw a javelin.
The javelin pierces through the manticore!!
The manticore is almost dead.
You block the manticore's attack. The manticore claws you.
* * * LOW HITPOINT WARNING * * *
The manticore claws you.
* * * LOW HITPOINT WARNING * * *
You hit the manticore.
The manticore is almost dead.
The manticore bites you.
* * * LOW HITPOINT WARNING * * *
You block the manticore's attack. The manticore claws you!
You die...

#.....# ######### #.....#
##.......## ###.....# #≈≈≈≈≈....#
#.......# .≈#####...# #.....(.#
.≈#......)# #........
.≈#.....≈.###############........
.≈#...≈#)))......................
..#..≈#≈........@................
.....#≈..........H...............
.#..≈.##.........................
.##......#######.................
.........#.....#.................
##.......#.....#..........#######
#.......#.....#..........#,,,,*
#.......#.....#.......(.##,**,**
**###...#.....#.........#,*,**,,


You could see a manticore.

Vanquished Creatures
  A white draconian (IceCv)
  8 two-headed ogres
  An ogre mage (D:12)
  An unseen horror (D:11)
  An ugly thing (D:12)
  Pikel (D:4)
  A cyclops (D:12)
  2 ice statues (IceCv)
  A gargoyle (D:10)
  An efreet (D:12)
  2 rime drakes (D:12)
  2 trolls
  15 polar bears (IceCv)
  2 hornets
  4 slime creatures (D:12)
  A hippogriff (D:12)
  A meliai zombie (D:12)
  A spriggan (D:10)
  A vampire (D:11)
  3 wraiths
  Grum (D:9)
  Eustachio (D:5)
  12 yaks
  3 wyverns (D:11)
  A vampire mosquito (D:12)
  Menkaure (D:6)
  A hungry ghost (D:8)
  Duvessa (D:6)
  A black bear (D:6)
  2 ice beasts
  A sky beast (D:12)
  A slave (D:4)
  4 orc warriors
  A phantom (D:10)
  11 wolves
  7 ogres
  5 centaurs
  A crocodile (D:11)
  5 big kobolds
  3 bullfrogs
  A gnoll sergeant (D:7)
  Dowan (D:6)
  A wyvern skeleton (D:11)
  A scorpion (D:10)
  28 killer bees
  3 howler monkeys
  6 crimson imps
  5 bullfrog zombies
  A quasit (D:12)
  3 hounds
  4 jellies
  7 bullfrog skeletons
  8 orc wizards
  4 orc priests
  A centaur skeleton (D:6)
  6 iguanas
  Ijyb (D:3)
  11 worker ants
  A killer bee zombie (D:7)
  A hound skeleton (D:4)
  16 gnolls
  18 adders
  A howler monkey skeleton (D:6)
  4 shadow imps
  2 oozes (D:1)
  2 dart slugs
  A worm (D:3)
  5 leopard geckos
  39 orcs
  2 ball pythons
  13 bats
  5 giant cockroaches
  28 hobgoblins
  10 jackals
  24 kobolds
  5 quokkas
  8 frilled lizards
  33 goblins
  A jackal skeleton (D:4)
  8 rats
432 creatures vanquished.

Vanquished Creatures (others)
  A polar bear (IceCv)
  3 gnolls (D:4)
  A quokka (D:4)
  4 plants (D:9)
9 creatures vanquished.

Grand Total: 441 creatures vanquished

Notes
Turn   | Place    | Note
-------+----------+-------------------------------------------
     0 | D:1      | KristoblXynda the Minotaur Berserker began the quest for
                  | the Orb.
     0 | D:1      | Reached XP level 1. HP: 19/19 MP: 0/0
   126 | D:1      | Reached skill level 4 in Axes
   152 | D:1      | Reached XP level 2. HP: 25/26 MP: 1/1
   347 | D:1      | Reached ** piety under Trog
   352 | D:1      | Reached XP level 3. HP: 21/31 MP: 2/2
  1017 | D:2      | Found an ornate altar of the Wu Jian Council.
  1111 | D:2      | Reached XP level 4. HP: 38/39 MP: 3/3
  1241 | D:2      | Reached skill level 5 in Axes
  1566 | D:3      | HP: 2/58 [orc priest/nerve-wracking pain (14)]
  1569 | D:3      | Reached XP level 5. HP: 3/45 MP: 4/4
  1863 | D:3      | Noticed Ijyb
  1885 | D:3      | Killed Ijyb
  2106 | D:3      | Reached *** piety under Trog
  2726 | D:4      | Reached skill level 6 in Axes
  2738 | D:4      | Found a hide-covered altar of Uskayaw.
  2738 | D:4      | Noticed a slave
  2738 | D:4      | Noticed a slave
  2740 | D:4      | Noticed a slave
  2740 | D:4      | Noticed a slave
  2744 | D:4      | Noticed Pikel
  2751 | D:4      | Killed a slave
  2765 | D:4      | Killed Pikel
  2765 | D:4      | Reached skill level 7 in Axes
  2765 | D:4      | Reached skill level 5 in Armour
  2765 | D:4      | Reached XP level 6. HP: 25/51 MP: 4/6
  2765 | D:4      | Reached XP level 7. HP: 28/57 MP: 4/7
  2951 | D:4      | Found a white marble altar of Elyvilon.
  3013 | D:4      | Found a blossoming altar of Fedhas.
  3014 | D:4      | Found a hazy altar of Hepliaklqana.
  3231 | D:4      | Found Juhoago's Gadget Shoppe.
  3447 | D:5      | Entered Level 5 of the Dungeon
  3611 | D:5      | Reached skill level 8 in Axes
  3611 | D:5      | Reached skill level 5 in Dodging
  3615 | D:5      | Reached XP level 8. HP: 53/64 MP: 7/9
  3988 | D:5      | Noticed Prince Ribbit
  4253 | D:5      | Noticed Eustachio
  4265 | D:5      | Killed Eustachio
  4394 | D:5      | Reached **** piety under Trog
  4474 | D:5      | Reached skill level 9 in Axes
  5260 | D:6      | Noticed Menkaure
  5266 | D:6      | Killed Menkaure
  5283 | D:6      | Reached ***** piety under Trog
  5538 | D:6      | Reached XP level 9. HP: 69/72 MP: 10/10
  5685 | D:6      | Found a sacrificial altar of Ru.
  5862 | D:6      | Noticed Duvessa
  5862 | D:6      | Noticed Dowan
  5875 | D:6      | Killed Duvessa
  5875 | D:6      | Reached skill level 10 in Axes
  5883 | D:6      | Reached skill level 5 in Fighting
  5896 | D:6      | Killed Dowan
  6038 | D:7      | Found a staircase to the Ecumenical Temple.
  6042 | D:7      | Found a faded altar of an unknown god.
  6052 | Temple   | Entered the Ecumenical Temple
  6322 | D:7      | Found an ancient bone altar of Kikubaaqudgha.
  6528 | D:7      | Found Nesaf's Armour Boutique.
  6541 | D:7      | Found a shattered altar of Ashenzari.
  6905 | D:7      | Found an iron altar of Okawaru.
  7493 | D:8      | Reached skill level 1 in Shields
  7584 | D:8      | Reached XP level 10. HP: 20/83 MP: 11/11
  7638 | D:8      | Reached skill level 11 in Axes
  7670 | D:8      | Received a gift from Trog
  7673 | D:8      | Found a sparkling altar of Nemelex Xobeh.
  8309 | D:9      | Noticed a two-headed ogre
  8315 | D:9      | Killed a two-headed ogre
  8680 | D:9      | Found a staircase to the Lair.
  8716 | D:9      | Noticed Grum
  8728 | D:9      | Killed Grum
  9043 | Lair:1   | Entered Level 1 of the Lair of Beasts
  9061 | D:10     | Entered Level 10 of the Dungeon
  9070 | D:10     | Noticed a gargoyle
  9081 | D:10     | Killed a gargoyle
  9236 | D:10     | Noticed a two-headed ogre
  9257 | D:10     | Killed a two-headed ogre
  9257 | D:10     | Reached skill level 1 in Throwing
  9257 | D:10     | Reached skill level 5 in Shields
  9546 | D:10     | Found Jutaoles's Armour Emporium.
  9546 | D:10     | Found a staircase to the Orcish Mines.
  9698 | D:10     | Bought a +1 pair of gloves of archery for 198 gold pieces
  9796 | D:10     | Reached skill level 10 in Armour
  9799 | D:10     | Reached XP level 11. HP: 62/91 MP: 12/12
 10338 | D:11     | Reached skill level 12 in Axes
 10694 | D:11     | Received a gift from Trog
 10888 | D:11     | Noticed an unseen horror
 10906 | D:11     | Killed an unseen horror
 11185 | D:12     | Found a runed translucent gate.
 11185 | D:12     | Found a runed translucent gate.
 11185 | D:12     | Found a runed translucent gate.
 11189 | D:12     | Noticed Gorice's ghost (journeyman GnWn)
 11190 | D:12     | Identified the +4 chain mail of Entitlement {rC+ Str+4
                  | Slay+3}
 11193 | D:12     | Found a roughly hewn altar of Beogh.
 11261 | D:12     | Noticed an ogre mage
 11261 | D:12     | Noticed a two-headed ogre
 11266 | D:12     | Found a frozen archway.
 11273 | D:12     | Noticed a two-headed ogre
 11275 | D:12     | Noticed a two-headed ogre
 11280 | D:12     | Killed an ogre mage
 11280 | D:12     | Killed a two-headed ogre
 11283 | D:12     | Killed a two-headed ogre
 11283 | D:12     | Reached skill level 10 in Dodging
 11288 | D:12     | Killed a two-headed ogre
 11412 | IceCv    | Entered an ice cave
 11685 | IceCv    | Reached XP level 12. HP: 54/97 MP: 13/13
 11864 | IceCv    | Reached skill level 5 in Throwing
 12802 | IceCv    | Reached skill level 13 in Axes
 12808 | IceCv    | Received a gift from Trog
 13395 | IceCv    | Noticed a white draconian
 13410 | IceCv    | Killed a white draconian
 13699 | IceCv    | Got an ancient glaive
 13973 | D:12     | Noticed a two-headed ogre
 13988 | D:12     | Killed a two-headed ogre
 14257 | D:12     | Found a runed translucent door.
 14257 | D:12     | Noticed a stone giant
 14258 | D:12     | Noticed a frost giant
 14259 | D:12     | Noticed a fire dragon
 14260 | D:12     | Noticed a stone giant
 14297 | D:12     | Received a gift from Trog
 14566 | D:12     | Noticed a two-headed ogre
 14575 | D:12     | Killed a two-headed ogre
 14818 | D:12     | Noticed a two-headed ogre
 14827 | D:12     | Killed a two-headed ogre
 14830 | D:12     | Identified the ring "Viudone" {*Tele rElec rF+}
 14830 | D:12     | Noticed a tengu warrior
 14832 | D:12     | Noticed a seven-headed hydra
 14861 | D:12     | HP: 5/103 [manticore (4)]
 14861 | D:12     | Slain by a manticore

Levels and vault maps discovered:
D:1:      lightli_arrival_noodles, layout_basic, chequers_serial_rivers_small_3
D:2:      layout_basic, lemuel_crystal_altar
D:3:      layout_loops_corners, first_ration, uniq_ijyb
D:4:      layout_basic, elyvilon_altar_4, eat_drink_and_be_merry_uskayaw,
          gammafunk_temple_overflow_pools, serial_shops, shop,
          uniq_crazy_yiuf_cottage, uniq_pikel
D:5:      minmay_goblin_kobold_castle, layout_basic,
          chequers_serial_rivers_room_b, grunt_ministairs_1, uniq_eustachio,
          uniq_prince_ribbit1
D:6:      layout_loops_cross, lemuel_round_altar, minmay_misc_feat_columns,
          kennysheep_generic_room_2, uniq_menkaure, uniq_duvessa
D:7:      layout_loops_ring, old_standard_altar, kennysheep_okawaru_gauntlet,
          lemuel_crystal_altar, nicolae_temple_entry_ecumenical, serial_shops,
          shop, minmay_starry_boxes
D:8:      layout_rooms, kennysheep_mini_moat, serial_curves, eino_curves_01,
          eino_curves_03, kennysheep_generic_room_10
D:9:      layout_basic, david_lair_shrubbed, uniq_grum
D:10:     layout_basic, orc_david_3, the_bakery
D:11:     layout_roguey
D:12:     minmay_the_grid_triangle_9x9_rhombus_thin_mashed
          [minmay_the_grid_triangle_9x9_thin_v,
          minmay_the_grid_triangle_9x9_prize_center,
          minmay_the_grid_triangle_9x9_odd_lines,
          minmay_the_grid_triangle_9x9_negative_grid], layout_irregular_city,
          biasface_ghost_orc_armoury, portal_ice_cave_rime, minmay_hidden_floor
Temple:   minmay_temple_bridge_abc
Lair:1:   layout_misc_corridors, beast_lair_carwin_6

Skill      XL: |  1  2  3  4  5  6  7  8  9 10 11 12 |
---------------+-------------------------------------+-----
Axes           | 4 5 7 8 9 10 11 12 13 | 13.5
Armour         | 3 5 7 8 10 11 12 | 12.1
Dodging        | 3 4 5 6 7 9 10 11 | 11.3
Evocations     | 2 3 |  3.0
Fighting       | 4 6 8 |  8.3
Shields        | 2 5 7 9 |  9.3
Throwing       | 2 4 6 |  6.6

Action                   |  1- 3 |  4- 6 |  7- 9 | 10-12 || total
-------------------------+-------+-------+-------+-------++-------
Melee: Hand axe          |    84 |    46 |       |       ||   130
       Headbutt          |    17 |    17 |    71 |   146 ||   251
       War axe           |       |    50 |   405 |   312 ||   767
       Broad axe         |       |       |       |   298 ||   298
Throw: Javelin           |       |       |    12 |     8 ||    20
Invok: Berserk           |       |     3 |     5 |     9 ||    17
       Trog's Hand       |       |       |     2 |       ||     2
  Use: Scroll            |       |     2 |     5 |    15 ||    22
       Potion            |       |       |     4 |     2 ||     6
  Eat: Chunk             |       |     7 |    18 |    21 ||    46
       Ration            |       |       |     1 |     5 ||     6
Armor: Animal skin       |    15 |       |       |       ||    15
       Ring mail         |    16 |    15 |       |       ||    31
       Chain mail        |       |    42 |   233 |   356 ||   631
Dodge: Dodged            |    71 |    59 |   299 |   414 ||   843
Block: Buckler           |       |       |       |   204 ||   204

Table legend:
 A = Non-vault XP
 B = Vault XP
 C = Vault XP percentage of total XP
 D = Non-vault monster count
 E = Vault monster count
 F = Vault count percentage of total count
                 A         B        C        D         E       F
            +---------+---------+-------+---------+---------+-------
      Total |   21240 |   15926 |  42.9 |     301 |     131 |  30.3
            +---------+---------+-------+---------+---------+-------
        D:1 |      49 |       0 |   0.0 |      24 |       0 |   0.0
        D:2 |      74 |       0 |   0.0 |      26 |       0 |   0.0
        D:3 |     168 |      35 |  17.2 |      25 |       1 |   3.8
        D:4 |     112 |     593 |  84.1 |       6 |       1 |  14.3
        D:5 |     572 |     630 |  52.4 |      14 |      61 |  81.3
        D:6 |     998 |     431 |  30.2 |      28 |       4 |  12.5
        D:7 |     555 |     185 |  25.0 |      27 |       5 |  15.6
        D:8 |    1831 |       0 |   0.0 |      34 |       0 |   0.0
        D:9 |    1375 |     540 |  28.2 |       9 |       4 |  30.8
       D:10 |    2712 |     354 |  11.5 |      30 |       5 |  14.3
       D:11 |    3835 |       0 |   0.0 |      38 |       0 |   0.0
       D:12 |    8959 |    3571 |  28.5 |      40 |      14 |  25.9
      IceCv |       0 |    9587 | 100.0 |       0 |      36 | 100.0
            +---------+---------+-------+---------+---------+-------
